AoeStats
← 挥舞的指甲刀

Arabia

510575799Analyzed
1v1 RM · 1d ago on Oct 1, 2026· 44m 2s· 2 players
Game mode
Random Map
Map size
Tiny (2 player)
Population
200
Speed
Normal
Resources
Standard
Victory
Conquest
Starting age
Dark Age
Ending age
Imperial Age
RankedLock teamsTeams togetherTeam positionsShared explorationLock speedFull tech treeHidden civsTurbo modeCheats
Victory
Defeat
🇨🇳 Magyars · China
928
+15
🇨🇿 Romans · Czechia
902
-15
TvojeMama4355
7:03 Loom
9:46 Feudal Age
10:26 Double-Bit Axe
10:24 Horse Collar
20:56 Castle Age
23:49 Pikeman
26:12 Forging
26:05 Scale Mail Armor
27:09 Squires
31:49 Fletching
31:57 Elite Skirmisher
34:34 Iron Casting
39:54 Imperial Age
38:02 Wheelbarrow
37:13 Town Watch
40:33 Bodkin Arrow
40:39 Padded Archer Armor
41:40 Blast Furnace
40:56 Chain Mail Armor
41:10 Gold Mining
挥舞的指甲刀
2:29 Loom
10:15 Feudal Age
10:56 Double-Bit Axe
11:05 Horse Collar
15:29 Gold Mining
20:14 Castle Age
20:31 Scale Barding Armor
21:01 Husbandry
25:41 Wheelbarrow
26:27 Bow Saw
27:11 Gold Shaft Mining
26:40 Heavy Plow
29:21 Hand Cart
35:16 Imperial Age
33:28 Fletching
33:39 Padded Archer Armor
34:22 Bodkin Arrow
34:55 Ballistics
35:46 Leather Archer Armor
36:09 Bracer
36:36 Parthian Tactics
35:55 Light Cavalry
37:05 Hussar
38:38 Recurve Bow
39:57 Ring Archer Armor
40:21 Chain Barding Armor
42:04 Chemistry
41:26 Bloodlines
41:09 Heavy Cavalry Archer
Connection lost

Rejoining the realm…

Still unreachable

The connection could not be restored.

Session expired

The server has moved on; the page needs a fresh start.